 Dungeon Crawl Stone Soup version 0.30-a0-852-g08b95dd62f (webtiles) character file.

Game seed: 15115366486727314398

217 cforsyth the Magician (level 5, -1/28 HPs)
             Began as a Deep Elf Earth Elementalist on Mar 5, 2023.
             Slain by Terence
             ... wielding a +2 heavy morningstar
              (22 damage)
             ... on level 3 of the Dungeon.
             The game lasted 00:02:23 (1825 turns).

cforsyth the Magician (Deep Elf Earth Elementalist) Turns: 1825, Time: 00:02:23

Health: -1/28      AC:  6    Str:  5    XL:     5   Next: 61%
Magic:  9/15       EV: 12    Int: 22    God:
Gold:   134        SH:  0    Dex: 15    Spells: 15/16 levels left

rFire   . . .      SeeInvis .    (no weapon)
rCold   . . .      Faith    .    (no shield)
rNeg    . . .      Spirit   .    a - +0 robe
rPois   .          Reflect  .    (no helmet)
rElec   .          Rampage  .    r - +0 cloak
rCorr   .                        (no gloves)
Will    .....                    c - +2 pair of boots
Stlth   ++                       (no amulet)
HPRegen 0.24/turn                (no ring)
MPRegen 0.14/turn                (no ring)

@: no status effects
A: no striking features
a: no special abilities


You were on level 3 of the Dungeon.
You visited 1 branch of the dungeon, and saw 3 of its levels.

You collected 134 gold pieces.

Inventory:

Armour
 a - a +0 robe (worn)
 c - a +2 pair of boots (worn)
 r - a +0 cloak (worn)
Scrolls
 d - 4 scrolls of identify {unknown}
 f - 2 scrolls of silence {unknown}
 g - a scroll of amnesia {unknown}
 i - a scroll of teleportation {unknown}
 m - a scroll of blinking {unknown}
 n - a scroll of acquirement {unknown}
 o - a scroll of vulnerability {unknown}
 p - a scroll of fog {unknown}
Potions
 b - a potion of magic
 e - 2 potions of haste {unknown}
 j - a potion of attraction {unknown}
 k - 2 potions of curing {unknown}
 l - a potion of resistance {unknown}
 q - a potion of degeneration {unknown}


   Skills:
 - Level 2.4 Dodging
 - Level 2.4 Stealth
 + Level 6.0 Spellcasting
 - Level 1.1 Transmutations
 + Level 5.4 Earth Magic


You had 15 spell levels left.
You knew the following spells:

 Your Spells              Type           Power      Damage    Failure   Level
a - Sandblast             Erth           60%        2d14      1%          1

Your spell library contained the following spells:

 Spells                   Type           Power      Damage    Failure   Level
 Passwall                 Tmut/Erth      17%        N/A       3%          2
 Shock                    Conj/Air       24%        1d4       9%          1
 Wereblood                Tmut           11%        N/A       9%          2
 Stone Arrow              Conj/Erth      36%        3d9       9%          3
 Sublimation of Blood     Necr           6%         N/A       14%         2
 Petrify                  Tmut/Erth      21%        N/A       24%         4
 Swiftness                Air            6%         N/A       26%         3
 Airstrike                Air            3%         2d(1-17)  65%         4
 Dragon Form              Tmut           5%         N/A       100%        7
 Summon Hydra             Summ           3%         N/A       100%        7


Dungeon Overview and Level Annotations

Branches:
Dungeon (3/15)

Altars:

Annotations:
D:3 Terence


Message History

The adder attacks as you move away! The adder bites you but does no damage.
You feel sick. The endoplasm attacks as you move away!
The endoplasm hits you but does no damage.
You feel sick. The adder bites you but does no damage.
There is a stone staircase leading down here.
The endoplasm attacks as you move away! The endoplasm barely misses you.
You feel sick.
You are no longer poisoned.
The adder attacks as you move away! The adder bites you.
You are poisoned.
The adder poisons you! The endoplasm attacks as you move away!
The endoplasm barely misses you.
You feel sick.
You feel sick. The adder bites you but does no damage.
You are too injured to fight recklessly!
Casting: Sandblast (safe; 1% risk of failure)
Confirm with . or Enter, or press ? or * to list all spells.
Aiming: Sandblast (safe; 1% risk of failure)
Press: ? - help, Shift-Dir - straight line, f - adder
Aim: an adder (73% to hit)
The blast of sand hits the adder!
You kill the adder!
You feel sick.
Terence zaps a wand.
The bolt of light hits the endoplasm!
The endoplasm dies!
The bolt of light hits you!
* * * LOW HITPOINT WARNING * * *
Your Spellcasting skill increases to level 6!
You feel much better.
You feel sick.
Casting: Sandblast (safe; 1% risk of failure)
Confirm with . or Enter, or press ? or * to list all spells.
Aiming: Sandblast (safe; 1% risk of failure)
Press: ? - help, Shift-Dir - straight line, f - Terence
Aim: Terence, wielding a +2 heavy morningstar, wearing a +0 scale mail and carrying a wand of light (8) (86% to hit)
The blast of sand hits Terence but does no damage.
You feel sick.
You are no longer poisoned.
Terence says, "How do you enjoy it?"
Terence hits you with a +2 heavy morningstar!!
Ouch! That really hurt!
You die...

#...†...#
#......#
#.....## #.....#
#######..#######
#...# #>........
#...# #.########
#...# #@# #...#
#@##### #...#
#.....#######
###...#
###.........#
#....<#
#.[.......#
#.#...#
#.........#
###.#...#
########.####
#...#...# #....#
#.# #.#######
#.##.###.# #.#
#.#......#


You could see Terence.

Vanquished Creatures
  A scorpion (D:3)
  A jelly (D:3)
  An iguana (D:2)
  3 adders
  2 dart slugs
  2 ball pythons
  A bat (D:1)
  14 endoplasms
  4 giant cockroaches
  2 goblins
  5 hobgoblins
  6 jackals (D:1)
  13 kobolds
  2 quokkas
  5 frilled lizards
  4 rats
66 creatures vanquished.

Vanquished Creatures (others)
  An endoplasm (D:3)
  A fungus (D:3)
  13 toadstools (D:3)
15 creatures vanquished.

Grand Total: 81 creatures vanquished

Notes
Turn   | Place    | Note
-------+----------+-------------------------------------------
     0 | D:1      | cforsyth the Deep Elf Earth Elementalist began the quest
                  | for the Orb.
     0 | D:1      | Reached XP level 1. HP: 10/10 MP: 6/6
    40 | D:1      | Reached XP level 2. HP: 15/15 MP: 0/8
   391 | D:1      | Reached skill level 4 in Spellcasting
   652 | D:1      | Reached XP level 3. HP: 19/19 MP: 8/10
  1101 | D:2      | Got Roxanne's Omnibus of Changing Silt
  1124 | D:2      | Reached XP level 4. HP: 12/24 MP: 2/12
  1425 | D:3      | Reached skill level 5 in Spellcasting
  1673 | D:3      | Reached skill level 5 in Earth Magic
  1673 | D:3      | Reached XP level 5. HP: 28/28 MP: 9/14
  1809 | D:3      | Noticed Terence
  1823 | D:3      | HP: 1/28 [Terence/bolt of light (11)]
  1824 | D:3      | Reached skill level 6 in Spellcasting
  1825 | D:3      | Slain by Terence

Illustrated notes

Levels and vault maps discovered:
D:1:      roderic_crossed_star, layout_basic, chequers_serial_rivers_micro_a
D:2:      layout_loops_cross, st_stairs_1
D:3:      cheibrodos_fertilizer, layout_basic, uniq_terence

Skill      XL: |  1  2  3  4  5 |
---------------+----------------+-----
Spellcasting   | 4 5 6 |  6.0
Earth Magic    | 4 5 |  5.4
Dodging        | |  2.4
Stealth        | |  2.4
Transmutations | |  1.1

Action                     |  1- 3 |  4- 6 || total
---------------------------+-------+-------++-------
   Cast: Sandblast         |    53 |    38 ||    91
    Use: Potion            |     1 |     2 ||     3
 Armour: Robe              |    22 |    13 ||    35
  Dodge: Dodged            |    29 |    18 ||    47

Table legend: (Time is in decaauts)
 A = Elapsed time spent in this place.
 B = Non-inter-level travel time spent in this place.
 C = Inter-level travel time spent in this place.
 D = Time resting spent in this place.
 E = Time spent auto-exploring this place.
 F = Levels seen in this place.
 G = Mean time per level.
                   A        B        C        D        E       F      G
               +--------+--------+--------+--------+--------+-----+--------+
         Total |   1870 |   1862 |      8 |      0 |   1554 |   3 |  623.3 |
       Dungeon |   1870 |   1862 |      8 |      0 |   1554 |   3 |  623.3 |
               +--------+--------+--------+--------+--------+-----+--------+

Top non-repeatable levels by time:
     D:1: 726 daAuts
     D:2: 699 daAuts
     D:3: 444 daAuts
